 Dungeon Crawl Stone Soup version 0.24-a0-10-gb84795d (console) character file.

Game seed: 213896829591071498

42 Voker57 the Slasher (level 3, 0/28 HPs)
             Began as a Demonspawn Gladiator on Jan 31, 2019.
             Slain by a centaur (4 damage)
             ... on level 2 of the Dungeon.
             The game lasted 00:01:27 (1018 turns).

Voker57 the Slasher (Demonspawn Gladiator)          Turns: 1018, Time: 00:01:27

Health: 0/28       AC:  6    Str: 14    XL:     3   Next: 35%
Magic:  3/3        EV: 13    Int:  9    God:
Gold:   10         SH:  0    Dex: 15    Spells: 2/2 levels left

rFire    . . .     SeeInvis .   a - +0 long sword
rCold    . . .     Gourm    .   (no shield)
rNeg     . . .     Faith    .   b - +0 leather armour
rPois    .         Spirit   .   c - +0 helmet
rElec    .         Reflect  .   (no cloak)
rCorr    .         Harm     .   (no gloves)
MR       .....                  (no boots)
Stlth    +.........             (no amulet)
HPRegen  0.09/turn              (no ring)
MPRegen  0.08/turn              (no ring)

@: no status effects
A: yellow scales 1
a: no special abilities


You were on level 2 of the Dungeon.
You were not hungry.

You visited 1 branch of the dungeon, and saw 2 of its levels.

You collected 10 gold pieces.

Inventory:

Hand Weapons
 a - a +0 long sword (weapon)
Armour
 b - a +0 leather armour (worn)
 c - a +0 helmet (worn)
Jewellery
 n - a cursed ring of teleportation {unknown}
Scrolls
 g - a scroll of remove curse {unknown}
 i - a scroll of magic mapping {unknown}
 j - a scroll of enchant armour {unknown}
 k - a scroll of blinking {unknown}
 m - a scroll of identify {unknown}
Potions
 e - 4 potions of heal wounds {unknown}
 h - a potion of brilliance {unknown}
 l - a potion of flight {unknown}
Comestibles
 f - 3 rations


   Skills:
 + Level 2.5 Fighting
 * Level 3.4 Long Blades
 - Level 1.7 Throwing
 + Level 3.1 Dodging


You had 2 spell levels left.
You didn't know any spells.
Your spell library was empty.

Dungeon Overview and Level Annotations

Branches:
Dungeon (2/15)

Altars:
Ashenzari


Innate Abilities, Weirdness & Mutations

You are partially covered in yellow scales. (AC +2)


Message History

The centaur hits you but does no damage. x2
Throwing (i - inventory)
d - a throwing net (quivered)
Press: ? - help, Shift-Dir - straight line, f/p - centaur
Aim: a centaur You throw a throwing net.
The throwing net hits the centaur.
The centaur is caught in the net!
The centaur struggles against the net.
You hit the centaur but do no damage.
The centaur struggles against the net. x2
You hit the centaur.
The centaur is moderately wounded.
The centaur struggles against the net.
You hit the centaur.
The centaur is heavily wounded.
The centaur struggles against the net. x2
The net rips apart, and the centaur comes free!
You hit the centaur.
The centaur is heavily wounded.
The centaur hits you.
* * * LOW HITPOINT WARNING * * *
The centaur hits you.
You die...

#.......### #
######..### #.
.........>.. #.
#######..##. #..
#.....
#..#############.....
#....(...........(...
#.##(##############..
#(# #.. #@# #..
#..c.# #.. ###### #..
###


You could see a centaur.

Vanquished Creatures
  2 oozes (D:2)
  A dart slug (D:2)
  A ball python (D:1)
  3 bats
  2 giant cockroaches
  4 goblins (D:1)
  3 hobgoblins
  5 jackals (D:1)
  3 kobolds (D:1)
  3 rats (D:1)
27 creatures vanquished.

Notes
Turn   | Place    | Note
-------+----------+-------------------------------------------
     0 | D:1      | Voker57 the Demonspawn Gladiator began the quest for the
                  | Orb.
     0 | D:1      | Reached XP level 1. HP: 16/16 MP: 1/1
   213 | D:1      | Gained mutation: You are partially covered in yellow
                  | scales. (AC +2) [demonic ancestry]
   213 | D:1      | Reached XP level 2. HP: 22/22 MP: 2/2
   824 | D:2      | Reached XP level 3. HP: 24/28 MP: 3/3
   830 | D:2      | Found a shattered altar of Ashenzari.
  1008 | D:2      | Noticed a centaur
  1018 | D:2      | Slain by a centaur

Vault maps used:
D:1:      psy_arrival_conway
D:2:      kennysheep_six_static_rooms, lemuel_blue_sif_altar,
          evilmike_ruin_ashenzari, chequers_ecumenical_altar_simple,
          kennysheep_generic_room_13

Skill      XL: |  1  2 |
---------------+-------+-----
Long Blades    | 3 |  3.4
Dodging        | 3 |  3.1
Fighting       | |  2.5
Throwing       | |  1.7

Action                   || total
-------------------------++-------
Melee: Long sword        ||    65
Throw: Throwing net      ||     3
 Stab: Sleeping          ||     2
Armor: Leather armour    ||    20
Dodge: Dodged            ||    50
       Rpst.: Long sword ||    13

Table legend:
 A = Non-vault XP
 B = Vault XP
 C = Vault XP percentage of total XP
 D = Non-vault monster count
 E = Vault monster count
 F = Vault count percentage of total count
                 A         B        C        D         E       F
            +---------+---------+-------+---------+---------+-------
      Total |      61 |       0 |   0.0 |      27 |       0 |   0.0
            +---------+---------+-------+---------+---------+-------
        D:1 |      37 |       0 |   0.0 |      21 |       0 |   0.0
        D:2 |      24 |       0 |   0.0 |       6 |       0 |   0.0
            +---------+---------+-------+---------+---------+-------
